 Dungeon Crawl Stone Soup version 0.31-a0-217-g58bb5d79cf (webtiles) character file.

Game seed: 2601221787610111218

18504 pokeman the Eclecticist (level 12, -6/66 HPs)
             Began as a Deep Elf Hedge Wizard on July 2, 2023.
             Was an Elder of Vehumet.
             Killed from afar by a manticore (16 damage)
             ... with a volley of spikes
             ... on level 13 of the Dungeon.
             The game lasted 00:39:51 (16216 turns).

pokeman the Eclecticist (Deep Elf Hedge Wizard)    Turns: 16216, Time: 00:39:51

Health: -6/66      AC:  8    Str:  7    XL:     12   Next: 28%
Magic:  16/34      EV: 12    Int: 31    God:    Vehumet [****..]
Gold:   871        SH:  0    Dex: 14    Spells: 31/44 levels left

rFire   . . .        u - +1 war axe (venom)
rCold   . . .        (no shield)
rNeg    . . .        L - +3 leather armour
rPois   .            U - +2 hat
rElec   .            (no cloak)
rCorr   .            (no gloves)
SInv    .            (no boots)
Will    +....        I - amulet of regeneration
Stlth   ++++         l - +6 ring of intelligence
HPRegen 1.11/turn    q - +4 ring of slaying
MPRegen 0.24/turn

%: no passive effects
@: spiked, on blink cooldown, slightly contaminated, studying Stealth
A: no striking features
a: Renounce Religion


You were on level 13 of the Dungeon.
You worshipped Vehumet.
Vehumet was greatly pleased with you.
You visited 2 branches of the dungeon, and saw 14 of its levels.
You also visited: Bailey.

You collected 871 gold pieces.

Inventory:

Hand Weapons
 u - a +1 war axe of venom (weapon)
 y - a +2 flail of pain
Missiles
 D - a curare-tipped dart
Armour
 e - a +2 ring mail of poison resistance
 L - a +3 leather armour (worn)
 N - a +0 buckler
 U - a +2 hat (worn)
Jewellery
 l - a +6 ring of intelligence (left hand)
 q - a +4 ring of slaying (right hand)
 v - a ring of protection from cold
 F - an amulet of faith
 I - an amulet of regeneration (around neck)
 Q - a ring of see invisible
 V - a ring of resist corrosion
Wands
 c - a wand of quicksilver (6)
 G - a wand of mindburst (9)
Scrolls
 a - 5 scrolls of fear {unknown}
 g - 6 scrolls of teleportation {unknown}
 h - 5 scrolls of fog {unknown}
 i - a scroll of summoning {unknown}
 k - 2 scrolls of enchant weapon {unknown}
 m - a scroll of revelation {unknown}
 n - 7 scrolls of identify {unknown}
 r - 2 scrolls of poison {unknown}
 z - a scroll of noise {unknown}
 A - 3 scrolls of blinking {unknown}
 B - 3 scrolls of vulnerability {unknown}
 J - 3 scrolls of silence {unknown}
 O - a scroll of acquirement
 R - a scroll of amnesia {unknown}
 S - 2 scrolls of enchant armour {unknown}
 T - 4 scrolls of brand weapon {unknown}
Potions
 b - a potion of lignification {unknown}
 d - 2 potions of magic
 f - 2 potions of curing
 j - 2 potions of heal wounds {unknown}
 o - 4 potions of mutation {unknown}
 p - 2 potions of attraction {unknown}
 s - a potion of berserk rage {unknown}
 t - 2 potions of haste
 w - 4 potions of enlightenment {unknown}
 x - a potion of cancellation {unknown}
 C - 4 potions of might {unknown}
 E - 2 potions of degeneration {unknown}
 H - 5 potions of brilliance {unknown}
 K - 3 potions of resistance {unknown}
 M - a potion of ambrosia {unknown}
Miscellaneous
 P - a tin of tremorstones (2/2)


   Skills:
 - Level 4.0 Fighting
 - Level 4.0 Armour
 - Level 3.0 Dodging
 + Level 9.3 Stealth
 + Level 4.1 Shields
 * Level 16.6 Spellcasting
 + Level 9.8 Conjurations
 + Level 7.6 Summonings
 - Level 6.0 Necromancy
 - Level 1.1 Translocations
 - Level 1.0 Air Magic
 - Level 1.0 Poison Magic
 - Level 1.0 Evocations


You had 31 spell levels left.
You knew the following spells:

 Your Spells              Type           Power      Damage    Failure   Level
a - Magic Dart            Conj           100%       1d8       1%          1
b - Mephitic Cloud        Conj/Pois/Air  50%        N/A       1%          3
c - Call Imp              Summ           100%       N/A       1%          2
d - Blink                 Tloc           64%        N/A       2%          2
e - Irradiate             Conj/Tmut      27%        3d20      2%          5

Your spell library contained the following spells:

 Spells                   Type           Power      Damage    Failure   Level
 Cigotuvi's Dreadful Rot  Necr/Pois/Air  84%        N/A       1%          2
 Slow                     Hex            100%       N/A       2%          1
 Ozocubu's Armour         Ice            25%        N/A       8%          3
 Summon Forest            Summ/Tloc      26%        N/A       11%         5
 Eringya's Noxious Bog    Tmut/Pois      14%        N/A       58%         6
 Summon Hydra             Summ           32%        N/A       65%         7
 Ozocubu's Refrigeration  Ice            12%        4d10      99%         7


Dungeon Overview and Level Annotations

Branches:
Dungeon (13/15)            Temple (1/1) D:6            Lair (0/5) D:10
    Orc (0/2) D:10         Bailey (visited)
 Vaults: D:13-14

Altars:
Ashenzari
Cheibriados
Dithmenos
Elyvilon
Fedhas
Gozag
Hepliaklqana
Kikubaaqudgha
Makhleb
Nemelex Xobeh
Okawaru
Qazlal
Ru
Sif Muna
Trog
Uskayaw
Vehumet
Wu Jian
Xom
Yredelemnul
Zin
The Shining One

Shops:
D:1 =   D:11 =

Annotations:
D:8 1 runed translucent door, pajopajo's ghost, novice OpBr


Message History

You hit the deep elf pyromancer.
The deep elf pyromancer is poisoned.
The deep elf pyromancer is almost dead.
You hit the manticore.
The manticore is poisoned.
The deep elf pyromancer hits you with a +0 long sword!
* * * LOW HITPOINT WARNING * * *
The manticore is engulfed in noxious fumes.
The manticore appears confused.
The deep elf pyromancer is engulfed in noxious fumes.
The deep elf pyromancer appears confused.
Unknown command.
Unknown command.
You slash the manticore!
The manticore looks as sick as possible!
The manticore is moderately wounded.
You hit the deep elf pyromancer.
The deep elf pyromancer is poisoned.
You hit the deep elf pyromancer.
You kill the deep elf pyromancer!
Vehumet accepts your kill.
You feel your power returning.
A centaur warrior comes into view.
The cyclops hits the centaur warrior.
The deep elf pyromancer is engulfed in noxious fumes.
The deep elf pyromancer appears confused.
The manticore is engulfed in noxious fumes.
The manticore appears confused.
The manticore barely misses you. The manticore claws you.
* * * LOW HITPOINT WARNING * * *
The manticore claws you.
* * * LOW HITPOINT WARNING * * *
Unknown command.
Casting: Mephitic Cloud (safe; 1% risk of failure)
Confirm with . or Enter, or press ? or * to list all spells.
You blink.
A catoblepas comes into view.
Found a jewelled silver wand and a brown potion.
The catoblepas bellows!
The manticore flicks its tail.
The volley of spikes hits you!
The barbed spikes become lodged in your body.
You die...

..#.. .# !.#.##Y#
. #......# ..
......##.
#####....... ##
..........# .##
..........# ...#
.......@..# CH.+
/.........# ....#
.........?##..!
...........H####
.........<.#§.H##
..........#.[.○°#
..........#..○○°#
#######...#.e...#
#...##...#C#


You could see a catoblepas, a manticore and a deep elf pyromancer (confused,
very poisoned).

Vanquished Creatures
  An orc warlord (Bailey)
  Snorg (D:11)
  A two-headed ogre (D:6)
  A boulder beetle (D:12)
  Pikel (D:9)
  An orc knight (Bailey)
  A deep elf pyromancer (D:13)
  A cyclops (D:13)
  2 manticores
  2 gargoyles
  Psyche (D:10)
  2 kobold demonologists (D:10)
  3 komodo dragons
  Grinder (D:3)
  5 trolls
  A shadow (D:10)
  A wyvern (D:9)
  17 yaks
  A wraith (D:12)
  A steam dragon (D:8)
  3 vampire mosquitoes (D:11)
  A warg (D:10)
  An acid dragon (D:13)
  An ice beast (D:5)
  A sky beast (D:7)
  3 black bears
  18 orc warriors
  3 ogres
  3 wolves (D:10)
  2 phantoms
  3 centaurs
  3 kobold brigands
  The ghost of Leavold the Conjurer, an amateur DECj (D:6)
  3 bullfrogs
  3 scorpions
  2 gnoll sergeants
  9 wights
  13 killer bees
  A howler monkey (D:6)
  2 electric eels (D:10)
  2 gnoll boudas (D:5)
  6 hounds
  2 jellies
  5 orc priests
  2 sleepcaps (D:5)
  2 iguanas
  9 orc wizards
  Robin (D:2)
  15 gnolls
  12 adders
  An ufetubus (D:5)
  A worm (D:3)
  4 dart slugs
  46 orcs
  6 ball pythons
  4 bats
  5 endoplasms
  5 giant cockroaches
  28 goblins
  19 hobgoblins
  4 jackals (D:4)
  15 kobolds
  7 quokkas
  3 frilled lizards (D:2)
  12 rats
337 creatures vanquished.

Vanquished Creatures (collateral kills)
  A kobold demonologist (D:10)
  A wight (D:9)
  A sleepcap (D:8)
  3 gnolls
  An adder (D:6)
  An orc (D:8)
  A giant cockroach (D:6)
9 creatures vanquished.

Vanquished Creatures (others)
  A wizard (D:6)
1 creature vanquished.

Grand Total: 347 creatures vanquished

Notes
Turn   | Place    | Note
-------+----------+-------------------------------------------
     0 | D:1      | pokeman the Deep Elf Hedge Wizard began the quest for the
                  | Orb.
     0 | D:1      | Reached XP level 1. HP: 10/10 MP: 7/7
   346 | D:1      | Reached XP level 2. HP: 16/16 MP: 3/9
   824 | D:1      | Reached skill level 5 in Spellcasting
   875 | D:1      | Found Kujet's Jewellery Emporium.
  1394 | D:2      | Reached XP level 3. HP: 20/20 MP: 5/11
  1398 | D:2      | Learned a level 3 spell: Mephitic Cloud
  1401 | D:2      | Learned a level 2 spell: Call Imp
  1404 | D:2      | Learned a level 2 spell: Blink
  1552 | D:2      | Noticed Robin
  1557 | D:2      | Reached skill level 1 in Armour
  1563 | D:2      | Reached skill level 1 in Fighting
  1690 | D:2      | Killed Robin
  1692 | D:2      | Reached XP level 4. HP: 12/25 MP: 1/13
  2366 | D:2      | Found a basalt altar of Yredelemnul.
  3300 | D:3      | Reached skill level 6 in Spellcasting
  3300 | D:3      | Reached XP level 5. HP: 29/29 MP: 13/15
  3518 | D:3      | Noticed a black bear
  3537 | D:3      | Killed a black bear
  3538 | D:3      | Reached skill level 1 in Poison Magic
  3538 | D:3      | Reached skill level 1 in Evocations
  3617 | D:3      | Reached skill level 1 in Air Magic
  3939 | D:3      | Noticed Grinder
  3965 | D:3      | Killed Grinder
  3966 | D:3      | Reached skill level 7 in Spellcasting
  3966 | D:3      | Reached XP level 6. HP: 20/34 MP: 10/18
  4297 | D:4      | Reached XP level 7. HP: 38/39 MP: 14/20
  4745 | D:4      | Reached skill level 8 in Spellcasting
  5171 | D:4      | Identified the +0 robe of the Old World {Dex+2}
  5327 | D:5      | Entered Level 5 of the Dungeon
  5624 | D:5      | Reached skill level 9 in Spellcasting
  5624 | D:5      | Reached XP level 8. HP: 44/44 MP: 17/23
  5740 | D:5      | Reached skill level 5 in Conjurations
  6688 | D:6      | Found a bloodstained altar of Trog.
  6775 | D:6      | Reached skill level 10 in Spellcasting
  6963 | D:6      | Found a runed translucent door.
  7084 | D:6      | Found a runed translucent door.
  7093 | D:6      | Noticed Leavold's ghost (amateur DECj)
  7178 | D:6      | Noticed a two-headed ogre
  7206 | D:6      | Killed a two-headed ogre
  7207 | D:6      | Reached skill level 11 in Spellcasting
  7207 | D:6      | Reached skill level 5 in Summonings
  7207 | D:6      | Reached XP level 9. HP: 49/49 MP: 13/26
  7623 | D:6      | Noticed a wizard
  7625 | D:6      | Killed a wizard
  8561 | D:6      | Found a staircase to the Ecumenical Temple.
  8570 | Temple   | Entered the Ecumenical Temple
  8666 | Temple   | Became a worshipper of Vehumet
  8772 | D:6      | Killed Leavold's ghost
  8944 | D:7      | Found a blossoming altar of Fedhas.
  8996 | D:7      | Reached skill level 12 in Spellcasting
  9644 | D:7      | Found a broken altar of Ashenzari.
  9644 | D:7      | Found a hazy altar of Hepliaklqana.
  9647 | D:7      | Found an opulent altar of Gozag.
  9647 | D:7      | Found a shimmering blue altar of Sif Muna.
  9789 | D:7      | Reached * piety under Vehumet
  9789 | D:7      | Offered knowledge of Shock by Vehumet.
 10069 | D:7      | Reached XP level 10. HP: 56/56 MP: 23/28
 10624 | D:8      | Reached skill level 1 in Necromancy
 10634 | D:8      | Reached skill level 13 in Spellcasting
 10893 | D:8      | Found a runed translucent door.
 10894 | D:8      | Found a shimmering altar of Xom.
 10894 | D:8      | Noticed pajopajo's ghost (novice OpBr)
 10895 | D:8      | Noticed a +0 rapier of chaos
 11774 | D:9      | Found a flagged portal.
 11830 | Bailey   | Entered a bailey
 11958 | Bailey   | Offered knowledge of Searing Ray by Vehumet.
 11963 | Bailey   | Reached ** piety under Vehumet
 12218 | Bailey   | Noticed an orc knight
 12271 | Bailey   | Killed an orc knight
 12272 | Bailey   | Reached skill level 14 in Spellcasting
 12358 | Bailey   | Noticed an orc warlord
 12369 | Bailey   | Offered knowledge of Momentum Strike by Vehumet.
 12479 | Bailey   | Killed an orc warlord
 12480 | Bailey   | Reached skill level 1 in Shields
 12480 | Bailey   | Reached XP level 11. HP: 35/61 MP: 28/31
 12624 | D:9      | Noticed Pikel
 12642 | D:9      | Killed Pikel
 13256 | D:10     | Entered Level 10 of the Dungeon
 13291 | D:10     | Reached *** piety under Vehumet
 13292 | D:10     | Reached skill level 5 in Stealth
 13312 | D:10     | Reached skill level 15 in Spellcasting
 13312 | D:10     | Reached skill level 5 in Necromancy
 13503 | D:10     | Noticed Psyche
 13518 | D:10     | Offered knowledge of Inner Flame by Vehumet.
 13525 | D:10     | Killed Psyche
 13603 | D:10     | Found a staircase to the Lair.
 13750 | D:10     | Found a staircase to the Orcish Mines.
 14185 | D:11     | Found Aqoal's Jewellery Shop.
 14414 | D:11     | Noticed Snorg
 14432 | D:11     | Killed Snorg
 15239 | D:12     | Reached **** piety under Vehumet
 15248 | D:12     | Reached skill level 16 in Spellcasting
 15262 | D:12     | Offered knowledge of Irradiate by Vehumet.
 15269 | D:12     | Learned a level 5 spell: Irradiate
 15421 | D:11     | Reached XP level 12. HP: 49/66 MP: 26/34
 15974 | D:12     | Noticed a boulder beetle
 16035 | D:12     | Killed a boulder beetle
 16215 | D:13     | Noticed a centaur warrior
 16216 | D:13     | Noticed a catoblepas
 16216 | D:13     | Killed from afar by a manticore

Illustrated notes

Levels and vault maps discovered:
D:1:      onia_arrival_mini_spirals, layout_basic, serial_shops, shop,
          chequers_serial_rivers_micro_e, minmay_misc_feat_encased,
          minmay_cupped
D:2:      layout_basic, basic_altar, uniq_robin
D:3:      minmay_evil_eye, layout_basic, minmay_starry_boxes, uniq_grinder
D:4:      layout_gridville
D:5:      layout_cave_pods, minmay_misc_feat_pillars
D:6:      layout_layer_cave, trog_wizard, lemuel_temple_firewalk_b,
          ebering_ghost_sewer_f, roderic_serpentine_path, kennysheep_cross_room,
          kb_rosetta
D:7:      layout_basic, grunt_temple_overflow_open
D:8:      layout_basic, ebering_ghost_xom
D:9:      layout_gridville, enter_bailey_2, minmay_statues_item,
          minmay_misc_feat_hallway, uniq_pikel
D:10:     layout_irregular_city, erik_lair_island, david_orc_3, uniq_psyche
D:11:     layout_roguey, serial_shops, shop_fountains,
          minmay_misc_feat_four_crosses, uniq_snorg
D:12:     layout_gridville
D:13:     kennysheep_room_grid, layout_rooms, david_vaults_3, drop_trap
Temple:   nicolae_temple_elliptical

Skill      XL: |  1  2  3  4  5  6  7  8  9 10 11 12 |
---------------+-------------------------------------+-----
Spellcasting   | 5 6 7 9 11 12 14 16 | 16.6
Armour         | 1 2 3 4 |  4.0
Fighting       | 1 2 3 4 |  4.0
Conjurations   | 2 3 4 6 7 8 9 |  9.8
Stealth        | 3 8 9 |  9.3
Dodging        | 3 |  3.0
Poison Magic   | 1 |  1.0
Evocations     | 1 |  1.0
Air Magic      | 1 |  1.0
Summonings     | 2 3 5 6 7 |  7.6
Necromancy     | 4 6 |  6.0
Shields        | 1 3 4 |  4.1
Translocations | |  1.1

Action                     |  1- 3 |  4- 6 |  7- 9 | 10-12 || total
---------------------------+-------+-------+-------+-------++-------
  Melee: Dagger            |    13 |       |   118 |   209 ||   340
         Hand axe          |       |    16 |       |       ||    16
         Punch             |       |     1 |     4 |     6 ||    11
         Flail             |       |       |       |    41 ||    41
         War axe           |       |       |       |    56 ||    56
   Cast: Magic Dart        |    77 |   103 |   290 |   179 ||   649
         Mephitic Cloud    |     4 |     3 |    28 |    80 ||   115
         Call Imp          |     1 |     1 |     9 |     7 ||    18
         Blink             |       |       |     4 |     7 ||    11
         Irradiate         |       |       |       |    10 ||    10
  Evoke: Wand              |       |       |       |    18 ||    18
         Tin of tremorston |       |       |       |     1 ||     1
   Stab: Sleeping          |       |     1 |       |       ||     1
         Confused          |       |     2 |    13 |    41 ||    56
         Distracted        |       |       |     1 |       ||     1
 Armour: Robe              |     6 |     3 |    10 |     1 ||    20
         Leather armour    |       |       |       |    89 ||    89
         Skin              |       |       |       |     5 ||     5
  Dodge: Dodged            |    17 |    23 |    95 |   173 ||   308

Table legend: (Time is in decaauts)
 A = Elapsed time spent in this place.
 B = Non-inter-level travel time spent in this place.
 C = Inter-level travel time spent in this place.
 D = Time resting spent in this place.
 E = Time spent auto-exploring this place.
 F = Levels seen in this place.
 G = Mean time per level.
                   A        B        C        D        E       F      G
               +--------+--------+--------+--------+--------+-----+--------+
         Total |  16273 |  15898 |    375 |    413 |  12380 |  15 | 1084.9 |
       Dungeon |  15392 |  15027 |    365 |    387 |  11976 |  13 | 1184.0 |
        Temple |    128 |    118 |     10 |      0 |     95 |   1 |  128.0 |
        Bailey |    752 |    752 |      0 |     26 |    309 |   1 |  752.0 |
               +--------+--------+--------+--------+--------+-----+--------+

Top non-repeatable levels by time:
     D:6: 2287 daAuts
     D:7: 1539 daAuts
     D:1: 1423 daAuts
     D:2: 1419 daAuts
     D:3: 1416 daAuts
    D:11: 1242 daAuts
     D:8: 1192 daAuts
     D:5: 1145 daAuts
     D:4: 1071 daAuts
    D:10: 898 daAuts
     D:9: 891 daAuts
    D:12: 843 daAuts
  Bailey: 752 daAuts
  Temple: 128 daAuts
    D:13: 20 daAuts
